 Dungeon Crawl Stone Soup version 0.30-a0-1008-g30c9307041 (webtiles) character file.

Game seed: 10200735251247472267

74 NinjaNoafa the Chiller (level 4, -2/27 HPs)
             Began as an Octopode Ice Elementalist on Apr 5, 2023.
             Slain by an ogre
             ... wielding a +0 giant club
              (29 damage)
             ... on level 3 of the Dungeon.
             The game lasted 00:04:10 (1560 turns).

NinjaNoafa the Chiller (Octopode Ice Elementalist)  Turns: 1560, Time: 00:04:11

Health: -2/27      AC:  7    Str:  7    XL:     4   Next: 28%
Magic:  1/8        EV: 13    Int: 19    God:
Gold:   109        SH:  0    Dex: 12    Spells: 2/9 levels left

rFire   . . .      SeeInvis .    b - +0 short sword
rCold   + . .      Faith    .    (no shield)
rNeg    . . .      Spirit   .    (helmet restricted)
rPois   .          Reflect  .    (no amulet)
rElec   .          Rampage  .    e - ring of protection from cold
rCorr   .                        (no ring)
Will    .....                    (no ring)
Stlth   +++                      (no ring)
HPRegen 0.24/turn                (no ring)
MPRegen 0.11/turn                (no ring)
                                 (no ring)
                                 (no ring)

@: ice-armoured, freezing walls, very slightly contaminated
A: almost no armour, amphibious, 8 rings, camouflage 1, gelatinous body 1,
(nimble swimmer 1), tentacles
a: no special abilities


You were on level 3 of the Dungeon.
You visited 1 branch of the dungeon, and saw 3 of its levels.

You collected 109 gold pieces.

Inventory:

Hand Weapons
 b - a +0 short sword (weapon)
Jewellery
 e - a ring of protection from cold (left tentacle)
Scrolls
 h - 3 scrolls of identify {unknown}
 i - a scroll of teleportation {unknown}
 j - a scroll of immolation {unknown}
Potions
 a - a potion of magic
 c - 2 potions of flight {unknown}
 d - a potion of mutation {unknown}
 f - a potion of might {unknown}
 g - a potion of resistance {unknown}


   Skills:
 - Level 2.0 Dodging
 + Level 2.8 Stealth
 + Level 3.0 Spellcasting
 - Level 5.0 Ice Magic


You had 2 spell levels left.
You knew the following spells:

 Your Spells              Type           Power      Damage    Failure   Level
b - Frozen Ramparts       Ice            42%        1d7       6%          3
c - Ozocubu's Armour      Ice            21%        N/A       6%          3
i - Freeze                Ice            84%        1d9       1%          1

Your spell library contained the following spells:

 Spells                   Type           Power      Damage    Failure   Level
 Sublimation of Blood     Necr           2%         N/A       22%         2
 Summon Ice Beast         Ice/Summ       12%        N/A       47%         4
 Petrify                  Tmut/Erth      2%         N/A       83%         4
 Irradiate                Conj/Tmut      1%         3d12      99%         5


Dungeon Overview and Level Annotations

Branches:
Dungeon (3/15)

Altars:
Dithmenos

Shops:
D:2 =


Innate Abilities, Weirdness & Mutations

You cannot wear most types of armour.
You are amphibious.
You can wear up to eight rings at the same time.
Your skin changes colour to match your surroundings (Stealth+).
Your rubbery body absorbs attacks. (AC +1, EV +1)
((You are camouflaged when in or above water. (Stealth+)))
You have tentacles for arms and can constrict up to eight enemies at once.


Message History

There is an entrance to Meorgh's Jewellery Shop here.
Key pressed, stopping explore.
There is an open door here.
You see here a +0 dagger.
Done exploring.
Done exploring.
Done exploring.
Done exploring.
(D) Dungeon
Where to? (Enter - D:1 @ (x,y), ? - help)
There is a stone staircase leading down here.
You climb downwards.
There is a stone staircase leading up here.
An ogre is nearby!
An ogre is nearby!
Okay, then.
Unknown command.
Casting: Freeze (safe; 1% risk of failure)
Confirm with . or Enter, or press ? or * to list all spells.
Casting: Frozen Ramparts (quite dangerous; 6% risk of failure)
Press: ? - help, Dir - look around, f - activate A stone staircase leading up.
Okay, then.
Unknown command.
Found a shadowy altar of Dithmenos.
The ogre shouts!
Casting: Frozen Ramparts (quite dangerous; 6% risk of failure)
Confirm with . or Enter, or press ? or * to list all spells.
A film of ice covers your body! The ogre barely misses you.
Casting: Ozocubu's Armour (quite dangerous; 6% risk of failure)
Confirm with . or Enter, or press ? or * to list all spells.
Casting: Frozen Ramparts (quite dangerous; 6% risk of failure)
Press: ? - help, Dir - look around, f - activate The walls around you are covered in ice.
You miscast Freeze.
You are very lightly contaminated with residual magic.
Nothing appears to happen.
The wall freezes the ogre!
The ogre hits you with a +0 giant club!!
Ouch! That really hurt!
You die...

#....##
...##....#
._.#.....
..##.... #
##...# #.
....#
#..###..#
#....@O.#
#....<..#
#.......#
#########


You could see an ogre.

Vanquished Creatures
  An adder (D:2)
  4 ball pythons
  4 endoplasms (D:1)
  2 giant cockroaches (D:1)
  3 goblins
  9 hobgoblins
  8 jackals (D:1)
  7 kobolds
  4 quokkas
  3 bats (D:2)
  3 frilled lizards
  7 rats
55 creatures vanquished.

Vanquished Creatures (others)
  A plant (D:1)
1 creature vanquished.

Grand Total: 56 creatures vanquished

Notes
Turn   | Place    | Note
-------+----------+-------------------------------------------
     0 | D:1      | NinjaNoafa the Octopode Ice Elementalist began the quest
                  | for the Orb.
     0 | D:1      | Reached XP level 1. HP: 11/11 MP: 3/3
    73 | D:1      | Reached XP level 2. HP: 15/17 MP: 1/5
   316 | D:1      | Reached XP level 3. HP: 21/21 MP: 1/6
   401 | D:1      | Learned a level 3 spell: Frozen Ramparts
   405 | D:1      | Learned a level 3 spell: Ozocubu's Armour
   819 | D:2      | Found Meorgh's Jewellery Shop.
  1123 | D:2      | Reached XP level 4. HP: 27/27 MP: 2/8
  1223 | D:2      | Reached skill level 5 in Ice Magic
  1555 | D:3      | Noticed an ogre
  1556 | D:3      | Found a shadowy altar of Dithmenos.
  1560 | D:3      | Slain by an ogre

Illustrated notes

Levels and vault maps discovered:
D:1:      scummos_arrival_star, layout_loops_cross, serial_bayou_pond_e,
          minmay_misc_feat_cross, chequers_serial_rivers_marsh
D:2:      layout_basic, serial_shops, nicolae_shop_stone
D:3:      layout_loops_cross, nicolae_qazlal_style_of_elements,
          overflow_temple_1_default, nicolae_dithmenos_through_a_glass_darkly,
          gammafunk_ghost_arena, hellmonk_ecumenical_altar_slurped_away,
          minmay_randomly_rotated_circles, uniq_grinder, uniq_ijyb

Skill      XL: |  1  2  3  4 |
---------------+-------------+-----
Spellcasting   | 3 |  3.0
Ice Magic      | 5 |  5.0
Dodging        | |  2.0
Stealth        | |  2.8

Action                     |  1- 3 |  4- 6 || total
---------------------------+-------+-------++-------
  Melee: Short sword       |    30 |       ||    30
         Tentacles         |    13 |       ||    13
         Constrict         |    12 |       ||    12
         Punch             |     1 |       ||     1
   Cast: Freeze            |    48 |    11 ||    59
         Frozen Ramparts   |     5 |     1 ||     6
         Ozocubu's Armour  |     1 |     1 ||     2
   Stab: Sleeping          |     2 |       ||     2
 Armour: Skin              |     1 |       ||     1
  Dodge: Dodged            |    44 |     8 ||    52

Table legend: (Time is in decaauts)
 A = Elapsed time spent in this place.
 B = Non-inter-level travel time spent in this place.
 C = Inter-level travel time spent in this place.
 D = Time resting spent in this place.
 E = Time spent auto-exploring this place.
 F = Levels seen in this place.
 G = Mean time per level.
                   A        B        C        D        E       F      G
               +--------+--------+--------+--------+--------+-----+--------+
         Total |   1558 |   1335 |    223 |     11 |    929 |   3 |  519.3 |
       Dungeon |   1558 |   1335 |    223 |     11 |    929 |   3 |  519.3 |
               +--------+--------+--------+--------+--------+-----+--------+

Top non-repeatable levels by time:
     D:1: 804 daAuts
     D:2: 749 daAuts
     D:3: 4 daAuts
